[Event "Icelandic Team-ch Premier 2021-22"]
[Site "Reykjavik"]
[Date "2022.03.05"]
[Round "8.1"]
[White "Hillarp Persson, Tiger"]
[Black "Hjartarson, Johann"]
[Result "0-1"]
[ECO "A05"]
[WhiteElo "2508"]
[BlackElo "2470"]
[Annotator "ChessBase"]
[PlyCount "65"]
[EventDate "2022.03.05"]
[EventType "team-tourn"]
[EventCountry "ISL"]
[SourceTitle "playchess.com"]
[Source "ChessBase"]
[SourceQuality "1"]
[TimeControl "5400+30"]

1. Nf3 Nf6 2. g3 b5 3. Bg2 Bb7 4. O-O e6 5. d3 c5 6. e4 d6 7. Ng5 Nc6 8. f4 Be7 9. Nd2 h6 10. Nh3 O-O 11. g4 e5 12. f5 d5 13. exd5 Nxd5 14. Ne4 f6 15. c3 Rb8 16. Nhf2 Kh8 17. h4 c4 18. dxc4 bxc4 19. Qf3 Nf4 20. Bxf4 exf4 21. Qxf4 Ne5 22. Rad1 Qa5 23. g5 Bxe4 24. Nxe4 Rxb2 25. gxh6 Rg8 26. Rf2 Rxf2 27. hxg7+ Rxg7 28. Qxf2 Ng4 29. Qf4 Qxa2 30. Qd2 Qa5 31. Qd7 Qb6+ 32. Kh1 Qb8 33. Nd6 0-1

[Event "Icelandic Team-ch Premier 2021-22"]
[Site "Reykjavik"]
[Date "2022.03.05"]
[Round "8.2"]
[White "Pakleza, Zbigniew"]
[Black "Bromann, Thorbjorn"]
[Result "1-0"]
[ECO "A41"]
[WhiteElo "2500"]
[BlackElo "2376"]
[Annotator "ChessBase"]
[PlyCount "59"]
[EventDate "2022.03.05"]
[EventType "team-tourn"]
[EventCountry "ISL"]
[SourceTitle "playchess.com"]
[Source "ChessBase"]
[SourceQuality "1"]
[TimeControl "5400+30"]

1. d4 g6 2. c4 Bg7 3. Nf3 d6 4. Nc3 Bg4 5. e3 Nc6 6. Be2 e5 7. dxe5 dxe5 8. Qb3 Qc8 9. h3 Bd7 10. O-O Nge7 11. Rd1 Nf5 12. Nd5 b6 13. Bd2 O-O 14. Bc3 Re8 15. Rac1 Nd6 16. c5 Ne4 17. cxb6 cxb6 18. Be1 Qb7 19. Qc4 Nc5 20. b4 Ne6 21. Qh4 e4 22. Nf6+ Bxf6 23. Qxf6 exf3 24. Bxf3 Ned4 25. Rxd4 Re6 26. Qh4 b5 27. Bc3 Be8 28. Qxh7+ Kxh7 29. Rh4+ Kg8 30. Rh8# 1-0

[Event "Icelandic Team-ch Premier 2021-22"]
[Site "Reykjavik"]
[Date "2022.03.05"]
[Round "8.3"]
[White "Karlsson, Bjorn-Ivar"]
[Black "Thorfinnsson, Bjorn"]
[Result "1-0"]
[ECO "A50"]
[WhiteElo "2295"]
[BlackElo "2387"]
[Annotator "NA"]
[PlyCount "61"]
[EventDate "2022.03.05"]
[EventType "team-tourn"]
[EventCountry "ISL"]
[SourceTitle "playchess.com"]
[Source "ChessBase"]
[SourceQuality "1"]
[TimeControl "5400+30"]

1. d4 Nf6 2. Nf3 b6 3. c4 Bb7 4. Nc3 Ne4 5. Nxe4 Bxe4 6. Nd2 Bb7 7. e4 e6 8. Bd3 Nc6 9. Nf3 Bb4+ 10. Kf1 d5 11. cxd5 exd5 12. e5 Be7 13. a3 Qd7 14. Qc2 g6 15. Bh6 Nd8 16. e6 Nxe6 17. Ne5 Qc8 18. Qa4+ c6 19. Rc1 a6 20. h4 b5 21. Qc2 Nxd4 22. Qc3 c5 23. Nf3 Qg4 24. Re1 Rc8 25. Ne5 Qe6 26. Nxg6 hxg6 27. Rxe6 fxe6 28. Bxg6+ Kd7 29. Qe3 Rcg8 30. h5 Nc6 31. Bf7 1-0

[Event "Icelandic Team-ch Premier 2021-22"]
[Site "Reykjavik"]
[Date "2022.03.05"]
[Round "8.4"]
[White "Gunnarsson, Jon Viktor"]
[Black "Sigurpalsson, Runar"]
[Result "1-0"]
[ECO "A48"]
[WhiteElo "2439"]
[BlackElo "2279"]
[Annotator "NA"]
[PlyCount "55"]
[EventDate "2022.03.05"]
[EventType "team-tourn"]
[EventCountry "ISL"]
[SourceTitle "playchess.com"]
[Source "ChessBase"]
[SourceQuality "1"]
[TimeControl "5400+30"]

1. d4 Nf6 2. Nc3 g6 3. Bf4 Bg7 4. Nf3 d6 5. Qd2 Bg4 6. O-O-O Nbd7 7. e4 Bxf3 8. gxf3 e5 9. dxe5 dxe5 10. Bg5 h6 11. Be3 Qe7 12. Nb5 Nb6 13. Qc3 c6 14. Nd6+ Kf8 15. Qa3 Nfd7 16. c4 Bf6 17. c5 Nc8 18. Nxb7 Kg7 19. Na5 Nf8 20. Bh3 Qc7 $18 21. Qa4 Ne7 22. Rd6 Bg5 23. Rhd1 f5 24. exf5 gxf5 25. f4 Bxf4 26. Bxf4 exf4 27. Qxf4 Qxa5 28. Qe5+ 1-0

[Event "Icelandic Team-ch Premier 2021-22"]
[Site "Reykjavik"]
[Date "2022.03.05"]
[Round "8.6"]
[White "Sammalvuo, Tapani"]
[Black "Halldorsson, Halldor"]
[Result "1/2-1/2"]
[ECO "D91"]
[WhiteElo "2420"]
[BlackElo "2211"]
[Annotator "ChessBase"]
[PlyCount "47"]
[EventDate "2022.03.05"]
[EventType "team-tourn"]
[EventCountry "ISL"]
[SourceTitle "playchess.com"]
[Source "ChessBase"]
[SourceQuality "1"]
[TimeControl "5400+30"]

1. d4 Nf6 2. c4 g6 3. Nc3 d5 4. Nf3 Bg7 5. Bg5 Ne4 6. Bf4 Nxc3 7. bxc3 dxc4 8. Qa4+ c6 9. Qxc4 O-O 10. e3 Qa5 11. Be2 Nd7 12. O-O Nb6 13. Qb3 Nd5 14. Rac1 Be6 15. c4 Nxf4 16. exf4 Rfd8 17. Rfd1 Rab8 18. Ng5 Qf5 19. Qe3 Qf6 20. Ne4 Qf5 21. Ng5 Qf6 22. Ne4 Qf5 23. Nc5 Qf6 24. Ne4 1/2-1/2

[Event "Icelandic Team-ch Premier 2021-22"]
[Site "Reykjavik"]
[Date "2022.03.05"]
[Round "8.7"]
[White "Karason, Askell O"]
[Black "Kjartansson, David"]
[Result "1-0"]
[ECO "D35"]
[WhiteElo "2186"]
[BlackElo "2304"]
[Annotator "NA"]
[PlyCount "107"]
[EventDate "2022.03.05"]
[EventType "team-tourn"]
[EventCountry "ISL"]
[SourceTitle "playchess.com"]
[Source "ChessBase"]
[SourceQuality "1"]
[TimeControl "5400+30"]

1. d4 Nf6 2. c4 e6 3. Nc3 d5 4. cxd5 Nxd5 5. e4 Nxc3 6. bxc3 c5 7. a3 g6 {[%emt 0:00:23] Nowadays more popular than 7...cxd4.} 8. Nf3 Bg7 9. Be2 O-O 10. O-O Nc6 11. Be3 {[%emt 0:00:32] [#]} Qa5 $146 ({Predecessor:} 11... cxd4 12. cxd4 b6 13. h4 Bb7 14. h5 gxh5 15. Ra2 Ne7 16. Qb1 Rc8 17. Rd1 f5 {½-½ (66) Korobov,A (2688)-Keymer,V (2558) Chess.com INT 2020}) 12. Qb3 Qc7 13. dxc5 Na5 14. Qb4 Bd7 15. Nd4 Rfc8 16. Nb5 Bxb5 17. Qxb5 Bf8 18. Rfd1 Bxc5 19. Bxc5 a6 20. Qb6 Qxc5 21. Rd8+ Rxd8 22. Qxc5 Nb3 23. Qb4 Nxa1 24. Qb2 Rac8 25. Qxa1 Rd2 26. Kf1 Rc2 27. c4 Rd8 28. h4 Rdd2 29. Bf3 Rxc4 $18 (29... h5 $142 30. Qe1 Rd3) 30. Kg1 b5 31. h5 gxh5 32. Qf6 Rc1+ 33. Kh2 Rcc2 34. Kg3 Rxf2 35. Qg5+ Kf8 36. Qxh5 Rfd2 37. Qxh7 Ke7 38. Qh4+ Ke8 39. Qh8+ Ke7 40. Qb8 Kf6 41. Kf4 Rd3 42. Qf8 Rc4 43. Qh8+ Ke7 44. Be2 Rxa3 45. Bxc4 bxc4 46. Qd4 Ra2 47. Qc5+ Ke8 48. g4 Rc2 49. Ke5 Rc1 50. g5 c3 51. g6 fxg6 52. Kxe6 Kd8 53. Qf8+ Kc7 54. Qf4+ 1-0

[Event "Icelandic Team-ch Premier 2021-22"]
[Site "Reykjavik"]
[Date "2022.03.05"]
[Round "8.8"]
[White "Bjornsson, Tomas"]
[Black "Bergsson, Stefan"]
[Result "1/2-1/2"]
[ECO "B42"]
[WhiteElo "2174"]
[BlackElo "2095"]
[Annotator "NA"]
[PlyCount "102"]
[EventDate "2022.03.05"]
[EventType "team-tourn"]
[EventCountry "ISL"]
[SourceTitle "playchess.com"]
[Source "ChessBase"]
[SourceQuality "1"]
[TimeControl "5400+30"]

1. e4 c5 2. Nf3 e6 3. d4 cxd4 4. Nxd4 a6 5. Bd3 Bc5 6. Nb3 Ba7 7. O-O Qc7 8. Qg4 g6 9. Bf4 e5 10. Bd2 d6 11. Qh4 Be6 12. Kh1 Qe7 13. Qg3 Nf6 14. f4 Nh5 15. Qf3 exf4 16. Bxf4 Nxf4 17. Qxf4 Nd7 18. Nc3 Ne5 19. Be2 h5 20. Nd5 Bxd5 21. exd5 Rc8 22. c3 O-O 23. Nd2 f5 24. Rae1 b5 25. a4 Qb7 26. axb5 axb5 27. Qg5 Kh7 28. Bf3 Rce8 29. h3 Qg7 30. Be2 b4 31. Bb5 bxc3 32. bxc3 Nf7 33. Qg3 Re5 34. c4 Qh6 35. Rxe5 dxe5 36. Qa3 Be3 37. Nb3 Ng5 38. Nc5 Bxc5 39. Qxc5 Ne4 40. Qe7+ Kg8 41. Qe6+ Kh7 42. Qxe5 Qg5 43. Ra1 Qe3 44. Kh2 f4 45. Qe7+ Kg8 46. Ra7 Qg3+ 47. Kg1 Qe1+ 48. Kh2 Qg3+ 49. Kg1 Qe3+ 50. Kh2 Qg3+ 51. Kg1 Qe1+ 1/2-1/2

[Event "Icelandic Team-ch Premier 2021-22"]
[Site "Reykjavik"]
[Date "2022.03.05"]
[Round "8.10"]
[White "Stefansson, Hannes"]
[Black "Kjartansson, Gudmundur"]
[Result "1/2-1/2"]
[ECO "B92"]
[WhiteElo "2520"]
[BlackElo "2450"]
[Annotator "ChessBase"]
[PlyCount "117"]
[EventDate "2022.03.05"]
[EventType "team-tourn"]
[EventCountry "ISL"]
[SourceTitle "playchess.com"]
[Source "ChessBase"]
[SourceQuality "1"]
[TimeControl "5400+30"]

1. e4 c5 2. Nf3 d6 3. d4 cxd4 4. Nxd4 Nf6 5. Nc3 a6 6. Be2 e5 7. Nb3 Be7 8. O-O O-O 9. Re1 Be6 10. Bf3 Nbd7 11. a4 Qc7 12. Nd2 Rab8 13. a5 b5 14. axb6 Nxb6 15. Rxa6 d5 16. exd5 Nbxd5 17. Nxd5 Nxd5 18. Be4 Nf6 19. Bd3 Bg4 20. Be2 Bxe2 21. Rxe2 Rfd8 22. c3 e4 23. h3 Nd7 24. Qa4 Nc5 25. Ra7 Rb7 26. Rxb7 Qxb7 27. Qc2 f5 28. Nf1 Nd3 29. Be3 Bf6 30. Qa4 f4 31. Bd4 Bxd4 32. cxd4 Qd5 33. Nd2 Qxd4 34. Qxd4 Rxd4 35. Nxe4 Rb4 36. Ng5 Rb8 37. Rd2 Nxb2 38. Rd7 Re8 39. h4 h6 40. Nf3 Nc4 41. Rd5 Re6 42. h5 Nd6 43. Nh4 Nf7 44. Ng6 f3 45. gxf3 Nd6 46. Ra5 Kf7 47. f4 Kf6 48. Kg2 Nf7 49. Ra8 Rd6 50. Rf8 Rd8 51. Rxd8 Nxd8 52. Nh4 Nb7 53. Kf3 Nd6 54. Ng6 Kf5 55. Ne5 Ne8 56. Ng4 Nd6 57. Ne3+ Ke6 58. Kg4 Ne4 59. f3 1/2-1/2

[Event "Icelandic Team-ch Premier 2021-22"]
[Site "Reykjavik"]
[Date "2022.03.05"]
[Round "8.11"]
[White "Gretarsson, Helgi Ass"]
[Black "Nagy, Gabor"]
[Result "0-1"]
[ECO "D35"]
[WhiteElo "2467"]
[BlackElo "2530"]
[Annotator "ChessBase"]
[PlyCount "78"]
[EventDate "2022.03.05"]
[EventType "team-tourn"]
[EventCountry "ISL"]
[SourceTitle "playchess.com"]
[Source "ChessBase"]
[SourceQuality "1"]
[TimeControl "5400+30"]

1. d4 Nf6 2. c4 e6 3. Nc3 d5 4. cxd5 exd5 5. Bg5 Be7 6. e3 O-O 7. Bd3 h6 8. Bh4 Re8 9. Nge2 b6 10. O-O Bb7 11. Rb1 a5 12. Qc2 Nbd7 13. f3 Rc8 14. Kh1 Nf8 15. Rbd1 N6d7 16. Bf2 c6 17. e4 b5 18. e5 b4 19. Na4 Ne6 20. f4 c5 21. Bb5 cxd4 22. Qd3 Ndc5 23. Nxc5 Nxc5 24. Qf3 d3 25. Ng3 d4 26. Qg4 Bf8 27. Bxe8 Qxe8 28. f5 Nd7 29. Nh5 Qxe5 30. Rfe1 Qd6 31. Rd2 Rc2 32. Re8 Kh7 33. Be1 Rc1 34. h3 Ne5 35. Qh4 Bc6 36. Rc8 Be7 37. Qg3 Bg5 38. h4 Nf3 39. gxf3 Qxg3 0-1

[Event "Icelandic Team-ch Premier 2021-22"]
[Site "Reykjavik"]
[Date "2022.03.05"]
[Round "8.12"]
[White "Pantzar, Milton"]
[Black "Petursson, Margeir"]
[Result "0-1"]
[ECO "E14"]
[WhiteElo "2422"]
[BlackElo "2447"]
[Annotator "NA"]
[PlyCount "78"]
[EventDate "2022.03.05"]
[EventType "team-tourn"]
[EventCountry "ISL"]
[SourceTitle "playchess.com"]
[Source "ChessBase"]
[SourceQuality "1"]
[TimeControl "5400+30"]

1. d4 Nf6 2. c4 e6 3. Nf3 Bb4+ 4. Nbd2 b6 5. a3 Bxd2+ 6. Qxd2 Bb7 7. e3 a5 8. b3 d6 9. Be2 Nbd7 10. O-O O-O 11. Bb2 Qe7 12. Qc2 Rfd8 13. Nd2 c5 14. a4 Rac8 15. Bd3 h6 16. Rfd1 cxd4 17. exd4 Nd5 18. Ba3 Nf4 19. Bh7+ Kh8 20. Be4 Nf6 21. Bf3 Qc7 22. Qc3 N6d5 23. Qb2 Ne7 24. d5 exd5 25. Qd4 Ne6 26. Qg4 d4 27. Bb2 d5 28. Rac1 Qb8 29. Re1 dxc4 30. Nxc4 Rc5 31. Bxb7 Qxb7 32. Ne5 Nd5 33. Nxf7+ Qxf7 34. Qxe6 Qxe6 35. Rxe6 Nf4 36. Rxc5 bxc5 37. Re1 Rb8 38. Ba3 Rxb3 39. Bxc5 Nd3 0-1

[Event "Icelandic Team-ch Premier 2021-22"]
[Site "Reykjavik"]
[Date "2022.03.05"]
[Round "8.13"]
[White "Thorhallsson, Throstur"]
[Black "Brynell, Stellan"]
[Result "1-0"]
[ECO "C01"]
[WhiteElo "2414"]
[BlackElo "2405"]
[Annotator "NA"]
[PlyCount "119"]
[EventDate "2022.03.05"]
[EventType "team-tourn"]
[EventCountry "ISL"]
[SourceTitle "playchess.com"]
[Source "ChessBase"]
[SourceQuality "1"]
[TimeControl "5400+30"]

1. e4 e6 2. d4 d5 3. Nc3 Bb4 4. exd5 exd5 5. Bd3 Nf6 6. Nge2 O-O 7. a3 Bd6 8. Nb5 Be7 9. Bf4 Na6 10. O-O c6 11. Nbc3 Nc7 12. h3 Nce8 13. Ng3 Nd6 14. Qf3 Be6 15. Rfe1 Re8 16. Re2 Qd7 17. Rae1 b5 $14 18. Bg5 h6 19. Bc1 Nh7 20. Nh5 Kh8 21. Qg3 Rg8 22. Bxh6 Ne8 23. Bd2 g6 24. Nf4 Bd6 25. Qh4 Bf5 26. Bxf5 Qxf5 27. Nd3 g5 28. Qg4 Qxg4 29. hxg4 Nhf6 30. Ne5 Bxe5 31. Rxe5 Nd6 32. f3 Nc4 33. Rf5 Rg6 34. Bxg5 Ne8 35. Bc1 Ned6 36. Rh5+ Kg7 37. Kf2 a5 38. b3 Nxa3 39. Bxa3 b4 40. Bc1 bxc3 41. Bf4 Nb5 42. Reh1 Kf6 43. Rf5+ Ke7 44. Rh7 Rf8 45. Ke3 Re6+ 46. Kd3 Re1 47. Bh6 Rd1+ 48. Ke3 Re8 49. Rfxf7+ Kd6+ 50. Kf2 Nxd4 51. Ra7 Nxc2 52. Rxa5 Nd4 53. Bf4+ Ke6 54. Rh6+ Kf7 55. Ra7+ Kg8 56. Rg6+ Kh8 57. Bg5 Rf8 58. Bf6+ Rxf6 59. Rxf6 Kg8 60. Rd6 1-0

[Event "Icelandic Team-ch Premier 2021-22"]
[Site "Reykjavik"]
[Date "2022.03.05"]
[Round "8.14"]
[White "Petersson, Baldur Teodor"]
[Black "Jacobsen, Mikkel Manosri"]
[Result "0-1"]
[ECO "B12"]
[WhiteElo "2242"]
[BlackElo "2240"]
[Annotator "NA"]
[PlyCount "88"]
[EventDate "2022.03.05"]
[EventType "team-tourn"]
[EventCountry "ISL"]
[SourceTitle "playchess.com"]
[Source "ChessBase"]
[SourceQuality "1"]
[TimeControl "5400+30"]

1. e4 c6 2. d4 d5 3. e5 Bf5 4. h4 h5 5. Bd3 Bxd3 6. Qxd3 Qa5+ 7. Nd2 e6 8. Ngf3 Nh6 9. O-O Nf5 10. c4 Be7 11. g3 O-O 12. b3 Rd8 13. Bb2 c5 14. cxd5 Rxd5 15. Nc4 Qd8 16. Ne3 Nxe3 17. Qxe3 cxd4 18. Bxd4 Nc6 19. Bb2 Qa5 20. a3 Rad8 21. b4 Qa4 22. Qe4 a5 23. Bc1 g6 24. Bg5 Bxg5 25. Nxg5 Rxe5 26. Qf4 Rf5 27. Qc7 Qb5 28. bxa5 Qe2 29. Rae1 Qd3 30. Qxb7 Nxa5 31. Qb4 Nc4 32. Ne4 Rd4 33. Qb8+ Kg7 34. Qb7 Qf3 35. a4 g5 36. hxg5 h4 37. Nc5 Qxb7 38. Nxb7 Nd2 39. a5 Nxf1 40. Ra1 hxg3 41. fxg3 Nxg3 42. a6 Ne2+ 43. Kg2 Rg4+ 44. Kh3 Rg3+ 0-1

[Event "Icelandic Team-ch Premier 2021-22"]
[Site "Reykjavik"]
[Date "2022.03.05"]
[Round "8.15"]
[White "Johannesson, Ingvar Thor"]
[Black "Edvardsson, Kristjan"]
[Result "1-0"]
[ECO "A57"]
[WhiteElo "2315"]
[BlackElo "2223"]
[Annotator "NA"]
[PlyCount "64"]
[EventDate "2022.03.05"]
[EventType "team-tourn"]
[EventCountry "ISL"]
[SourceTitle "playchess.com"]
[Source "ChessBase"]
[SourceQuality "1"]
[TimeControl "5400+30"]

1. d4 Nf6 2. c4 c5 3. d5 b5 4. cxb5 a6 5. f3 c4 6. e4 e6 7. Bxc4 axb5 8. Bxb5 Bc5 9. Nc3 Qb6 10. Nh3 O-O 11. Bg5 exd5 12. Bxf6 Qxf6 13. Qxd5 d6 14. Qxa8 Bxh3 15. gxh3 Qh4+ 16. Kd1 Qf2 17. Be2 Nd7 18. Qd5 Rb8 19. Rf1 Qxh2 20. Kc2 Ne5 21. f4 Ng6 22. Qd2 Qxh3 23. Rad1 Qg3 24. Bc4 Be3 25. Qxd6 Qg2+ 26. Be2 Rc8 27. Qd3 Bb6 28. Qf3 Nxf4 29. Qxf4 Qxe2+ 30. Kb1 Qc4 31. Nd5 Qc2+ 32. Ka1 Rf8 1-0

[Event "Icelandic Team-ch Premier 2021-22"]
[Site "Reykjavik"]
[Date "2022.03.05"]
[Round "8.16"]
[White "Crevatin, Leo"]
[Black "Birkisson, Bardur Orn"]
[Result "1-0"]
[ECO "D15"]
[WhiteElo "2267"]
[BlackElo "2160"]
[Annotator "NA"]
[PlyCount "55"]
[EventDate "2022.03.05"]
[EventType "team-tourn"]
[EventCountry "ISL"]
[SourceTitle "playchess.com"]
[Source "ChessBase"]
[SourceQuality "1"]
[TimeControl "5400+30"]

1. d4 d5 2. c4 c6 3. Nf3 Nf6 4. e3 Bf5 5. Nc3 a6 6. Ne5 e6 7. g4 Bg6 8. h4 dxc4 9. h5 Bd3 10. Bxd3 cxd3 11. g5 Nfd7 12. Nf3 c5 13. Qxd3 Nc6 14. Bd2 cxd4 15. exd4 Nde5 16. Nxe5 Nxe5 17. Qe2 Qxd4 18. O-O-O Nd3+ 19. Kb1 O-O-O 20. Be3 Qc4 21. Bb6 Rd7 22. Rh3 Qc6 23. Rhxd3 Rxd3 24. Qxd3 Qxb6 25. Qd7+ Kb8 26. Qe8+ Ka7 27. Rd8 Qc7 28. Na4 1-0

[Event "Icelandic Team-ch Premier 2021-22"]
[Site "Reykjavik"]
[Date "2022.03.05"]
[Round "8.18"]
[White "Jensson, Einar Hjalti"]
[Black "Steingrimsson, Hedinn"]
[Result "0-1"]
[ECO "E15"]
[WhiteElo "2326"]
[BlackElo "2535"]
[Annotator "ChessBase"]
[PlyCount "84"]
[EventDate "2022.03.05"]
[EventType "team-tourn"]
[EventCountry "ISL"]
[SourceTitle "playchess.com"]
[Source "ChessBase"]
[SourceQuality "1"]
[TimeControl "5400+30"]

1. d4 Nf6 2. c4 e6 3. Nf3 b6 4. g3 Ba6 5. b3 Bb4+ 6. Bd2 Be7 7. Bg2 c6 8. Bc3 d5 9. Nbd2 Nbd7 10. O-O Rc8 11. Bb2 O-O 12. Rc1 c5 13. Re1 b5 14. cxd5 Nxd5 15. a3 b4 16. axb4 cxb4 17. Rxc8 Qxc8 18. Qa1 Qb7 19. Nc4 Rc8 20. Nfd2 N7b6 21. Rc1 Bb5 22. Qa5 Bc6 23. Ne5 Be8 24. Nec4 Bc6 25. Ne5 Be8 26. Nec4 h6 27. e4 Nc7 28. e5 Nbd5 29. Ne4 Nb5 30. Ra1 Bc6 31. Qa6 Qd7 32. Ned6 Bxd6 33. Nxd6 Nxd6 34. exd6 Nc3 35. Qxa7 Qxd6 36. Qa6 Qd7 37. Rc1 Bb5 38. Qa1 Ne2+ 39. Kh1 Nxc1 40. Bxc1 Bc6 41. Qb2 Bxg2+ 42. Kxg2 Qc6+ 0-1

[Event "Icelandic Team-ch Premier 2021-22"]
[Site "Reykjavik"]
[Date "2022.03.05"]
[Round "8.19"]
[White "Ris, Robert"]
[Black "Bergsson, Snorri"]
[Result "1-0"]
[ECO "C02"]
[WhiteElo "2468"]
[BlackElo "2230"]
[Annotator "ChessBase"]
[PlyCount "64"]
[EventDate "2022.03.05"]
[EventType "team-tourn"]
[EventCountry "ISL"]
[SourceTitle "playchess.com"]
[Source "ChessBase"]
[SourceQuality "1"]
[TimeControl "5400+30"]

1. e4 e6 2. d4 d5 3. e5 c5 4. c3 Nc6 5. Nf3 Nge7 6. Bd3 cxd4 7. cxd4 Nf5 8. Bxf5 exf5 9. Nc3 Be6 10. Ne2 Be7 11. h4 h6 12. h5 Qb6 13. a3 Rc8 14. Nf4 Qb5 15. Rh3 Kd7 16. Bd2 a5 17. Rg3 Rhg8 18. Rb1 Nd8 19. Ng1 Bg5 20. Nge2 g6 21. b4 Bxf4 22. Nxf4 g5 23. bxa5 Qc4 24. Ne2 Qc2 25. Rgb3 Qxd1+ 26. Kxd1 f4 27. Nc3 Rc6 28. Na4 Kc7 29. Nc5 Bc8 30. a6 Rxa6 31. Nxa6+ bxa6 32. Ba5+ Kd7 1-0

[Event "Icelandic Team-ch Premier 2021-22"]
[Site "Reykjavik"]
[Date "2022.03.05"]
[Round "8.20"]
[White "Einarsson, Halldor Gretar"]
[Black "Ragnarsson, Dagur"]
[Result "1-0"]
[ECO "A65"]
[WhiteElo "2207"]
[BlackElo "2351"]
[Annotator "NA"]
[PlyCount "57"]
[EventDate "2022.03.05"]
[EventType "team-tourn"]
[EventCountry "ISL"]
[SourceTitle "playchess.com"]
[Source "ChessBase"]
[SourceQuality "1"]
[TimeControl "5400+30"]

1. d4 Nf6 2. c4 g6 3. f3 c5 4. d5 d6 5. Nc3 Bg7 6. e4 O-O 7. Nge2 e6 8. Ng3 exd5 9. cxd5 a6 10. a4 Nbd7 11. Be2 Ne8 12. Be3 Rb8 13. Qd2 Nc7 14. Bh6 b5 15. Bxg7 Kxg7 16. axb5 axb5 17. O-O c4 18. f4 Nc5 19. Bd1 Ba6 20. Qd4+ f6 21. e5 Nd3 22. exd6 Qxd6 23. Nge4 Qb6 24. Qxb6 Rxb6 25. d6 f5 26. dxc7 fxe4 27. f5 Bb7 28. Ra7 Ne5 29. Nd5 1-0

[Event "Icelandic Team-ch Premier 2021-22"]
[Site "Reykjavik"]
[Date "2022.03.05"]
[Round "8.21"]
[White "Bjornsson, Sigurbjorn"]
[Black "Ornolfsson, Magnus P."]
[Result "1-0"]
[ECO "C45"]
[WhiteElo "2315"]
[BlackElo "2163"]
[Annotator "NA"]
[PlyCount "83"]
[EventDate "2022.03.05"]
[EventType "team-tourn"]
[EventCountry "ISL"]
[SourceTitle "playchess.com"]
[Source "ChessBase"]
[SourceQuality "1"]
[TimeControl "5400+30"]

1. e4 e5 2. Nf3 Nc6 3. d4 exd4 4. Nxd4 Bc5 5. Nxc6 Qf6 6. Qf3 dxc6 7. Nc3 Be6 8. Be3 Qxf3 9. gxf3 Bxe3 10. fxe3 O-O-O 11. Rg1 g6 12. Bd3 Ne7 13. Ne2 f6 14. O-O-O c5 15. Nf4 Bf7 16. h4 Nc6 17. a3 Ne5 18. Be2 Rxd1+ 19. Rxd1 Rd8 20. Rxd8+ Kxd8 21. Kd2 Ke7 22. Nh3 Be6 23. Nf2 b6 24. f4 Nf7 25. b3 a5 26. a4 Nd6 27. c4 Bd7 28. h5 gxh5 29. Bxh5 Be8 30. Bxe8 Nxe8 31. Ke2 Nd6 32. Kf3 Nf7 33. Nd3 Ke6 34. Kg4 Nh6+ 35. Kh4 f5 36. Kh5 Nf7 37. e5 Ke7 38. Nf2 Ke6 39. Nh3 Nxe5 40. fxe5 Kxe5 41. Nf2 f4 42. e4 1-0

[Event "Icelandic Team-ch Premier 2021-22"]
[Site "Reykjavik"]
[Date "2022.03.05"]
[Round "8.22"]
[White "Hreinsson, Hlidar"]
[Black "Heimisson, Hilmir Freyr"]
[Result "0-1"]
[ECO "B31"]
[WhiteElo "2180"]
[BlackElo "2312"]
[Annotator "NA"]
[PlyCount "96"]
[EventDate "2022.03.05"]
[EventType "team-tourn"]
[EventCountry "ISL"]
[SourceTitle "playchess.com"]
[Source "ChessBase"]
[SourceQuality "1"]
[TimeControl "5400+30"]

1. e4 c5 2. Nf3 Nc6 3. Bb5 d6 4. Bxc6+ bxc6 5. d3 g6 6. c3 Nf6 7. O-O Bg7 8. Re1 O-O 9. h3 Rb8 10. Qc2 Nd7 11. Bf4 Qb6 12. b3 e5 13. Bg3 f5 14. exf5 gxf5 15. Nbd2 f4 16. Bh4 d5 17. Rab1 Ba6 18. c4 Rbe8 19. Re2 Qb8 20. Rbe1 Qd6 $11 21. Nb1 Bc8 22. Qd2 Nb6 23. Qa5 Bf5 24. b4 Nd7 25. Rd2 cxb4 26. Rc1 d4 27. c5 Qd5 28. Qxb4 Rb8 29. Qa3 Rfe8 30. Re2 Rb5 31. Nbd2 Nxc5 32. Qxa7 Bxd3 33. Ree1 Ne6 34. Ng5 Nxg5 35. Bxg5 Bg6 36. Nb3 d3 37. Red1 h6 38. Be7 e4 39. Bc5 Bh5 40. Rd2 Qg5 41. Qd7 Rbb8 42. Bd4 Rbd8 43. Qxg7+ Qxg7 44. Bxg7 Kxg7 45. Nc5 Bg6 46. Nxe4 Rxe4 47. Rxc6 Re1+ 48. Kh2 Rd7 0-1

[Event "Icelandic Team-ch Premier 2021-22"]
[Site "Reykjavik"]
[Date "2022.03.05"]
[Round "8.23"]
[White "Halldorsson, Jon Arni"]
[Black "Dadason, Gudmundur"]
[Result "1-0"]
[ECO "E09"]
[WhiteElo "2070"]
[BlackElo "2097"]
[Annotator "NA"]
[PlyCount "63"]
[EventDate "2022.03.05"]
[EventType "team-tourn"]
[EventCountry "ISL"]
[SourceTitle "playchess.com"]
[Source "ChessBase"]
[SourceQuality "1"]
[TimeControl "5400+30"]

1. d4 Nf6 2. Nf3 e6 3. c4 d5 4. g3 c6 5. Nbd2 Be7 6. Bg2 O-O 7. O-O Nbd7 8. b3 Re8 9. Bb2 Nf8 10. Qc2 Bd7 11. e4 dxe4 12. Ng5 Rc8 13. Ndxe4 b5 14. Nxf6+ gxf6 15. Ne4 f5 16. Nd2 Bf6 17. Rad1 c5 18. dxc5 Rxc5 19. b4 Rc8 20. c5 Bxb2 21. Qxb2 Qc7 22. Qf6 Bc6 23. Qg5+ Kh8 24. Nb3 Bxg2 25. Kxg2 Rcd8 26. h4 Qc6+ 27. f3 Rd5 28. h5 Nd7 29. Nd4 f6 30. Qh6 Qa6 31. c6 Rxd4 32. cxd7 1-0

[Event "Icelandic Team-ch Premier 2021-22"]
[Site "Reykjavik"]
[Date "2022.03.05"]
[Round "8.24"]
[White "Briem, Stephan"]
[Black "Hauksson, Hordur Aron"]
[Result "1-0"]
[ECO "D35"]
[WhiteElo "2039"]
[BlackElo "1871"]
[Annotator "NA"]
[PlyCount "59"]
[EventDate "2022.03.05"]
[EventType "team-tourn"]
[EventCountry "ISL"]
[SourceTitle "playchess.com"]
[Source "ChessBase"]
[SourceQuality "1"]
[TimeControl "5400+30"]

1. d4 d5 2. c4 e6 3. Nc3 Nf6 4. cxd5 exd5 5. Bg5 Be7 6. e3 O-O 7. Bd3 Nbd7 8. Qc2 c5 9. Nge2 Re8 10. O-O cxd4 11. Nxd4 Ne5 12. Bxf6 Bxf6 13. Bxh7+ Kh8 14. Bf5 Bxf5 15. Nxf5 g6 16. Ng3 Qc7 17. Qb3 Rad8 18. Nxd5 Rxd5 19. Qxd5 Kg7 20. Rac1 Qb8 21. Rfd1 Rd8 22. Qb5 Rh8 23. Qe2 g5 24. f4 Ng6 25. Nh5+ Rxh5 26. Qxh5 gxf4 27. exf4 Qxf4 28. Rf1 Qd4+ 29. Kh1 Qxb2 30. Qf5 1-0

[Event "Icelandic Team-ch Premier 2021-22"]
[Site "Reykjavik"]
[Date "2022.03.05"]
[Round "9.3"]
[White "Ris, Robert"]
[Black "Karlsson, Bjorn-Ivar"]
[Result "1-0"]
[ECO "B31"]
[WhiteElo "2468"]
[BlackElo "2295"]
[Annotator "ChessBase"]
[PlyCount "65"]
[EventDate "2022.03.05"]
[EventType "team-tourn"]
[EventCountry "ISL"]
[SourceTitle "playchess.com"]
[Source "ChessBase"]
[SourceQuality "1"]
[TimeControl "5400+30"]

1. e4 c5 2. Nf3 Nc6 3. Bb5 g6 4. O-O Bg7 5. d3 Nf6 6. Nc3 O-O 7. e5 Ng4 8. Bxc6 bxc6 9. Bf4 f6 10. exf6 Nxf6 11. Qd2 d6 12. Bh6 e5 13. Bxg7 Kxg7 14. Ng5 Nh5 15. Ne2 Nf4 16. Nxf4 exf4 17. Qc3+ Kg8 18. Nf3 Bg4 19. d4 Qf6 20. Rad1 cxd4 21. Qxc6 Rac8 22. Qd5+ Kg7 23. Rd2 Bxf3 24. Qxf3 Qf5 25. Rxd4 Rxc2 26. Rxd6 Rb8 27. Rd5 Qf6 28. Rd7+ Kh8 29. Qh3 h5 30. Rxa7 Rd8 31. Qb3 Rxb2 32. Qa4 Qe6 33. Qxf4 1-0